[Event "9th RTU Open 2019"]
[Site "Riga"]
[Date "2019.08.09"]
[Round "8.20"]
[White "Sowray, Peter J"]
[Black "Zanan, Evgeny"]
[Result "0-1"]
[ECO "E76"]
[WhiteElo "2332"]
[BlackElo "2486"]
[Annotator "ChessBase"]
[PlyCount "44"]
[EventDate "2019.08.05"]
[EventType "swiss"]
[EventCountry "LAT"]
[SourceTitle "playchess.com"]
[Source "ChessBase"]
[SourceQuality "1"]
[TimeControl "5400+30"]

1. d4 Nf6 2. c4 g6 3. Nc3 Bg7 4. e4 d6 5. f4 O-O 6. Nf3 c5 7. d5 e6 8. dxe6 Bxe6 9. Bd3 Nc6 10. O-O Na5 11. Qe2 Re8 12. Ng5 Bg4 13. Qf2 h6 14. f5 Nc6 15. Qh4 Ne5 16. Nd5 Nxd5 17. exd5 Nxd3 18. f6 Nxc1 19. Nxf7 Kxf7 20. fxg7+ Kxg7 21. Qxg4 Nd3 22. b4 Ne5 0-1

[Event "9th RTU Open 2019"]
[Site "Riga"]
[Date "2019.08.09"]
[Round "8.23"]
[White "Berzinsh, Roland"]
[Black "Handke, Florian"]
[Result "1-0"]
[ECO "B07"]
[WhiteElo "2386"]
[BlackElo "2544"]
[Annotator "ChessBase"]
[PlyCount "65"]
[EventDate "2019.08.05"]
[EventType "swiss"]
[EventCountry "LAT"]
[SourceTitle "playchess.com"]
[Source "ChessBase"]
[SourceQuality "1"]
[TimeControl "5400+30"]

1. e4 d6 2. d4 Nf6 3. Nc3 g6 4. Be3 c6 5. h3 Nbd7 6. f4 b5 7. a3 Nb6 8. Nf3 Bg7 9. Bd3 O-O 10. O-O Nc4 11. Bxc4 bxc4 12. d5 cxd5 13. exd5 Qa5 14. Rf2 Rb8 15. Rb1 Bb7 16. Rd2 Rfe8 17. Bf2 Ba8 18. Kh2 Nh5 19. Bd4 Nf6 20. Bf2 Rxb2 21. Rxb2 Qxc3 22. Rb4 Ne4 23. Re2 Nxf2 24. Rxf2 a5 25. Rb5 Qxa3 26. Qe1 a4 27. Re2 Bf6 28. Ng5 Rf8 29. Rxe7 Bxe7 30. Qxe7 Qc1 31. Qf6 Bxd5 32. Rxd5 Qxc2 33. Ra5 1-0

[Event "9th RTU Open 2019"]
[Site "Riga"]
[Date "2019.08.09"]
[Round "8.24"]
[White "Larkin, Vladyslav"]
[Black "Chandra, Akshat"]
[Result "0-1"]
[ECO "E46"]
[WhiteElo "2366"]
[BlackElo "2522"]
[Annotator "ChessBase"]
[PlyCount "68"]
[EventDate "2019.08.05"]
[EventType "swiss"]
[EventCountry "LAT"]
[SourceTitle "playchess.com"]
[Source "ChessBase"]
[SourceQuality "1"]
[TimeControl "5400+30"]

1. d4 Nf6 2. c4 e6 3. Nc3 Bb4 4. e3 O-O 5. Nge2 c6 6. a3 Ba5 7. b4 Bc7 8. g3 d5 9. Bg2 dxc4 10. e4 e5 11. d5 a5 12. Be3 cxd5 13. exd5 Bd6 14. O-O axb4 15. axb4 Rxa1 16. Qxa1 Bf5 17. Qa7 Bxb4 18. Qxb7 Qa5 19. Bb6 Qa3 20. Nb5 Qb2 21. Nc1 Nbd7 22. Be3 Nc5 23. Qb6 Nce4 24. Nc7 Ng4 25. Na6 Ba3 26. f3 Nxe3 27. Qxe3 Nd6 28. f4 exf4 29. gxf4 Re8 30. Qa7 Qd2 31. Qc7 Qe3+ 32. Kh1 Rc8 33. Qa5 Bxc1 34. Qb4 Ba3 0-1

[Event "9th RTU Open 2019"]
[Site "Riga"]
[Date "2019.08.09"]
[Round "8.25"]
[White "Stany, G.A."]
[Black "Seeman, Tarvo"]
[Result "1-0"]
[ECO "B30"]
[WhiteElo "2525"]
[BlackElo "2377"]
[Annotator "ChessBase"]
[PlyCount "79"]
[EventDate "2019.08.05"]
[EventType "swiss"]
[EventCountry "LAT"]
[SourceTitle "playchess.com"]
[Source "ChessBase"]
[SourceQuality "1"]
[TimeControl "5400+30"]

1. e4 c5 2. Nf3 Nc6 3. Bb5 Nf6 4. Nc3 Qc7 5. O-O Nd4 6. Re1 a6 7. Bf1 Ng4 8. g3 Nxf3+ 9. Qxf3 Ne5 10. Qe2 e6 11. d3 d6 12. Bg2 Be7 13. Be3 O-O 14. Rad1 Nc6 15. f4 Rb8 16. Qf2 b6 17. Nb1 Bb7 18. c3 f5 19. Nd2 Kh8 20. Nf3 fxe4 21. dxe4 Rbd8 22. Qc2 b5 23. Bf2 b4 24. h4 bxc3 25. bxc3 h6 26. Bh3 Bc8 27. Kg2 d5 28. e5 Qd7 29. Qb3 Na5 30. Qc2 Qe8 31. Bg4 Bd7 32. Rb1 Nc4 33. Rb3 h5 34. Ng5 Bxg5 35. hxg5 g6 36. Bxc5 hxg4 37. Bxf8 Bc6 38. Kf2 Nxe5 39. Rxe5 Qxf8 40. Qxg6 1-0

[Event "9th RTU Open 2019"]
[Site "Riga"]
[Date "2019.08.09"]
[Round "8.26"]
[White "Krykun, Yuriy"]
[Black "Laurusas, Tomas"]
[Result "1/2-1/2"]
[ECO "A27"]
[WhiteElo "2342"]
[BlackElo "2511"]
[Annotator "ChessBase"]
[PlyCount "151"]
[EventDate "2019.08.05"]
[EventType "swiss"]
[EventCountry "LAT"]
[SourceTitle "playchess.com"]
[Source "ChessBase"]
[SourceQuality "1"]
[TimeControl "5400+30"]

1. c4 e5 2. Nc3 Nc6 3. Nf3 Bc5 4. e3 d6 5. d4 exd4 6. exd4 Bb6 7. Nd5 Nge7 8. Nxb6 axb6 9. d5 Ne5 10. Be2 O-O 11. O-O Nf5 12. Bd2 Bd7 13. Bc3 Nxf3+ 14. Bxf3 b5 15. cxb5 Bxb5 16. Re1 Nh4 17. Be2 Bxe2 18. Qxe2 Qd7 19. Qd3 Ng6 20. b3 Rfe8 21. a4 f6 22. a5 Qg4 23. Rxe8+ Rxe8 24. Qd1 Qf5 25. g3 Ne7 26. Qe2 Qxd5 27. b4 Qc6 28. Qe6+ Kf8 29. Bb2 Qc2 30. Bxf6 gxf6 31. Qxf6+ Kg8 32. Qe6+ Kg7 33. Re1 Qc6 34. b5 Qxb5 35. Re4 Qc6 36. Rf4 Nd5 37. Qf7+ Kh8 38. Re4 Rg8 39. Rh4 Qc1+ 40. Kg2 Ne3+ 41. fxe3 Qb2+ 42. Kh3 Qg7 43. Qxg7+ Rxg7 44. Rb4 c6 45. Rb6 Rc7 46. a6 bxa6 47. Rxa6 Kg7 48. Kg4 Kf6 49. Kf4 Ke6 50. Ke4 c5 51. Kd3 Rb7 52. Ra8 Rb3+ 53. Ke4 d5+ 54. Kf4 Rb4+ 55. Kf3 Rb3 56. Kf4 c4 57. Rc8 Kd7 58. Rc5 Kd6 59. Rc8 Rb2 60. e4 Rxh2 61. Rd8+ Kc5 62. Rxd5+ Kb4 63. Rd7 c3 64. Rc7 c2 65. e5 Kb3 66. e6 Re2 67. Kf5 Kb2 68. Rb7+ Kc3 69. Rxh7 Rf2+ 70. Kg6 Rg2 71. Rc7+ Kd2 72. Rxc2+ Kxc2 73. e7 Rxg3+ 74. Kf7 Re3 75. e8=Q Rxe8 76. Kxe8 1/2-1/2

[Event "9th RTU Open 2019"]
[Site "Riga"]
[Date "2019.08.09"]
[Round "8.27"]
[White "Salomon, Johan"]
[Black "Semjonovs, Ilja"]
[Result "1-0"]
[ECO "A58"]
[WhiteElo "2499"]
[BlackElo "2380"]
[Annotator "ChessBase"]
[PlyCount "95"]
[EventDate "2019.08.05"]
[EventType "swiss"]
[EventCountry "LAT"]
[SourceTitle "playchess.com"]
[Source "ChessBase"]
[SourceQuality "1"]
[TimeControl "5400+30"]

1. d4 Nf6 2. c4 c5 3. d5 b5 4. cxb5 a6 5. bxa6 g6 6. Nc3 Bg7 7. e4 O-O 8. e5 Ne8 9. h4 Bxe5 10. h5 Qb6 11. Nf3 Bg7 12. hxg6 fxg6 13. Ng5 h6 14. Nge4 Nf6 15. d6 e6 16. Qb3 Qb4 17. Bxh6 Nxe4 18. Qxb4 cxb4 19. Nxe4 Bxa6 20. Bxg7 Kxg7 21. Bxa6 Rxa6 22. Kd2 Nc6 23. Rh3 Rf5 24. a4 bxa3 25. Raxa3 Rb6 26. Rhb3 Rd5+ 27. Kc3 Rxb3+ 28. Rxb3 g5 29. Rb7 Ne5 30. Rc7 Rd3+ 31. Kc2 Rd4 32. f3 Kg6 33. Rc5 Nf7 34. g4 Kh6 35. Kc3 Rd1 36. b4 Nxd6 37. Nxd6 Rxd6 38. b5 Rd1 39. Kb4 Rb1+ 40. Ka5 Ra1+ 41. Kb6 Kg6 42. Kc7 d5 43. b6 Rb1 44. b7 Kf6 45. b8=Q Rxb8 46. Kxb8 Ke5 47. Kc7 Kf4 48. Kd6 1-0

[Event "9th RTU Open 2019"]
[Site "Riga"]
[Date "2019.08.09"]
[Round "8.28"]
[White "Kramer, Julian"]
[Black "Lobanov, Sergei"]
[Result "0-1"]
[ECO "B90"]
[WhiteElo "2352"]
[BlackElo "2495"]
[Annotator "ChessBase"]
[PlyCount "116"]
[EventDate "2019.08.05"]
[EventType "swiss"]
[EventCountry "LAT"]
[SourceTitle "playchess.com"]
[Source "ChessBase"]
[SourceQuality "1"]
[TimeControl "5400+30"]

1. e4 c5 2. Nf3 d6 3. d4 cxd4 4. Nxd4 Nf6 5. Nc3 a6 6. a3 Nc6 7. f3 e6 8. Be3 d5 9. exd5 Nxd5 10. Nxd5 Qxd5 11. Nxc6 Qxc6 12. Qd4 Qxc2 13. Rd1 f6 14. Qd8+ Kf7 15. Rd2 Qc6 16. h4 b5 17. Kf2 e5 18. Bd3 Be6 19. Qa5 Bc5 20. Rc2 Bxe3+ 21. Kxe3 Bc4 22. Bxc4+ bxc4 23. Rhc1 Rhb8 24. Rxc4 Rb3+ 25. Kf2 Rxb2+ 26. Kg1 Qb6+ 27. Qxb6 Rxb6 28. Rc7+ Kg6 29. R1c3 Rab8 30. Ra7 R8b7 31. Rxb7 Rxb7 32. Rc6 Kh5 33. Rc4 Rd7 34. Ra4 Rd4 35. Rxa6 Rxh4 36. Ra7 Kg6 37. a4 h5 38. Kf2 Rb4 39. Kg3 Kh6 40. a5 g6 41. a6 Rb6 42. Ra8 Kg5 43. a7 Rb7 44. Kf2 h4 45. Ke3 Re7 46. Kf2 Rh7 47. Kg1 Kf5 48. Kf2 g5 49. Ke3 Rf7 50. Ke2 Kf4 51. Kf2 f5 52. Kf1 Rb7 53. Kf2 Rb2+ 54. Kg1 Ra2 55. Kf1 Ke3 56. Kg1 Ra1+ 57. Kh2 Kf4 58. Kh3 Rh1# 0-1

[Event "9th RTU Open 2019"]
[Site "Riga"]
[Date "2019.08.09"]
[Round "8.29"]
[White "Sergienko, Sergey"]
[Black "Jurcik, Marian"]
[Result "0-1"]
[ECO "A09"]
[WhiteElo "2320"]
[BlackElo "2501"]
[Annotator "ChessBase"]
[PlyCount "56"]
[EventDate "2019.08.05"]
[EventType "swiss"]
[EventCountry "LAT"]
[SourceTitle "playchess.com"]
[Source "ChessBase"]
[SourceQuality "1"]
[TimeControl "5400+30"]

1. Nf3 d5 2. c4 d4 3. b4 g5 4. Bb2 Bg7 5. d3 e5 6. e4 g4 7. Nfd2 Ne7 8. Nb3 Ng6 9. N1d2 h5 10. g3 h4 11. Qc2 hxg3 12. fxg3 b6 13. Be2 Bh6 14. Nf1 Qe7 15. a3 a5 16. b5 a4 17. Nbd2 Be6 18. Bc1 Nd7 19. Nb1 Nf4 20. gxf4 Qh4+ 21. Kd1 exf4 22. Nfd2 Nc5 23. Nc3 dxc3 24. Qxc3 O-O-O 25. d4 f3 26. Bxf3 gxf3 27. dxc5 Qxe4 28. Re1 Qxc4 0-1

[Event "9th RTU Open 2019"]
[Site "Riga"]
[Date "2019.08.09"]
[Round "8.30"]
[White "Chukavin, Kirill"]
[Black "Hirneise, Tobias"]
[Result "1/2-1/2"]
[ECO "C54"]
[WhiteElo "2300"]
[BlackElo "2459"]
[Annotator "ChessBase"]
[PlyCount "148"]
[EventDate "2019.08.05"]
[EventType "swiss"]
[EventCountry "LAT"]
[SourceTitle "playchess.com"]
[Source "ChessBase"]
[SourceQuality "1"]
[TimeControl "5400+30"]

1. e4 e5 2. Nf3 Nc6 3. Bc4 Bc5 4. c3 Nf6 5. d3 d6 6. Nbd2 a6 7. a4 O-O 8. O-O h6 9. h3 Re8 10. Re1 Be6 11. Bxe6 Rxe6 12. Nf1 d5 13. Qc2 a5 14. Be3 Bf8 15. Ng3 Qd7 16. Rad1 Rae8 17. Bc1 g6 18. Kh2 Bg7 19. Kg1 b6 20. Re2 Rd8 21. Rde1 dxe4 22. dxe4 Rd6 23. Rd2 Qe6 24. Red1 Ne8 25. b3 Rxd2 26. Rxd2 Nd6 27. Ba3 Nb7 28. Rxd8+ Ncxd8 29. Nf1 Qc6 30. Ne3 Ne6 31. Nd5 Kh7 32. Ne7 Qd7 33. Nf5 f6 34. Nxg7 Kxg7 35. Qd2 Qxd2 36. Nxd2 Nbc5 37. Kf1 c6 38. g3 b5 39. axb5 cxb5 40. b4 axb4 41. Bxb4 Na4 42. h4 h5 43. Nb1 Nac5 44. f3 Nd3 45. Bd6 Kf7 46. Na3 g5 47. hxg5 Nxg5 48. Ke2 Nb2 49. Nxb5 Nc4 50. Bb4 Ke6 51. Nc7+ Kd7 52. Nd5 Ke6 53. Nc7+ Kd7 54. Nd5 Ke6 55. Be7 Nh7 56. Bd8 f5 57. Ne3 Nxe3 58. Kxe3 Nf8 59. Kd3 f4 60. gxf4 exf4 61. Ke2 Ng6 62. Bc7 Kd7 63. Bb8 h4 64. Kf2 h3 65. Kg1 Nh4 66. Bxf4 Nxf3+ 67. Kf2 h2 68. Kg2 Ke6 69. c4 Kd7 70. c5 Kc6 71. Bd6 Nd2 72. e5 Nc4 73. Kxh2 Nxe5 74. Bxe5 Kxc5 1/2-1/2

[Event "9th RTU Open 2019"]
[Site "Riga"]
[Date "2019.08.09"]
[Round "8.31"]
[White "Kjartansson, Gudmundur"]
[Black "Ioannidis, Evgenios"]
[Result "0-1"]
[ECO "D46"]
[WhiteElo "2470"]
[BlackElo "2367"]
[Annotator "ChessBase"]
[PlyCount "80"]
[EventDate "2019.08.05"]
[EventType "swiss"]
[EventCountry "LAT"]
[SourceTitle "playchess.com"]
[Source "ChessBase"]
[SourceQuality "1"]
[TimeControl "5400+30"]

1. d4 d5 2. c4 c6 3. Nc3 Nf6 4. e3 e6 5. Nf3 Nbd7 6. Qc2 Bd6 7. Bd3 O-O 8. O-O dxc4 9. Bxc4 b5 10. Be2 Bb7 11. e4 e5 12. dxe5 Nxe5 13. Nh4 b4 14. Rd1 bxc3 15. Nf5 Ne8 16. Bf4 Qf6 17. Qxc3 Bc7 18. Qb4 g5 19. Bxe5 Qxe5 20. Nh6+ Kg7 21. Ng4 Qe6 22. Qxb7 Rb8 23. Qxa7 Rb4 24. Ne3 Rxb2 25. Bd3 Kg8 26. Nc4 Rb4 27. Qc5 Rb5 28. Qd4 Nf6 29. a4 Rd8 30. Qc3 Rc5 31. a5 Nxe4 32. Bxe4 Rxd1+ 33. Rxd1 Rxc4 34. Qa1 Rxe4 35. a6 Qe5 36. f4 Qxf4 37. g3 Bb6+ 38. Kg2 Re2+ 39. Kh3 Qf5+ 40. g4 Qf3# 0-1

[Event "9th RTU Open 2019"]
[Site "Riga"]
[Date "2019.08.09"]
[Round "8.32"]
[White "Usmanov, Vasily"]
[Black "Narva, Mai"]
[Result "1-0"]
[ECO "A18"]
[WhiteElo "2443"]
[BlackElo "2358"]
[Annotator "NA"]
[PlyCount "131"]
[EventDate "2019.08.05"]
[EventType "swiss"]
[EventCountry "LAT"]
[SourceTitle "playchess.com"]
[Source "ChessBase"]
[SourceQuality "1"]
[TimeControl "5400+30"]

1. c4 Nf6 2. Nc3 e6 3. e4 d5 4. e5 Nfd7 5. d4 dxc4 6. Bxc4 c5 7. d5 Nxe5 8. Bb5+ Bd7 9. dxe6 Bxb5 10. exf7+ Nxf7 11. Qxd8+ Nxd8 12. Nxb5 Ne6 13. Nf3 Be7 14. O-O Nc6 15. Re1 Kf7 16. Be3 Rhd8 17. h4 h6 18. Rac1 Rac8 19. g3 Bf6 20. Rcd1 Ncd4 21. Bxd4 cxd4 22. Re2 Rc5 23. Na3 b5 24. Ne1 b4 25. Nac2 a5 26. Nd3 Rf5 27. Kg2 Rc8 28. Nce1 g5 29. hxg5 hxg5 30. Nf3 Nc5 31. Nde5+ Kg8 32. Rxd4 Re8 33. Rd5 Na4 34. Rxa5 Nb6 35. Ng4 Rxe2 36. Rxf5 Bxb2 37. Rxg5+ Kf8 38. Rb5 Re4 39. Ne3 Nc4 40. Nxc4 Rxc4 41. Ne5 Re4 42. f4 Bc3 43. Kf3 Re1 44. Nd3 Rb1 45. Rb7 Ke8 46. g4 Rf1+ 47. Ke4 Ra1 48. Nxb4 Rb1 49. a3 Rb3 50. Ra7 Bb2 51. g5 Bxa3 52. Nd5 Bb2 53. f5 Rg3 54. Nc7+ Kd7 55. Ne6+ Kd6 56. Ra6+ Ke7 57. Rb6 Ba1 58. Rb1 Bh8 59. Kf4 Rg2 60. Kf3 Ra2 61. Kg4 Rh2 62. Nf4 Bd4 63. f6+ Kd6 64. Rd1 Ke5 65. Ng6+ Ke4 66. Rxd4+ 1-0

[Event "9th RTU Open 2019"]
[Site "Riga"]
[Date "2019.08.09"]
[Round "8.33"]
[White "Smirnov, Artem"]
[Black "Lazavik, Denis"]
[Result "1/2-1/2"]
[ECO "D18"]
[WhiteElo "2421"]
[BlackElo "2347"]
[Annotator "NA"]
[PlyCount "86"]
[EventDate "2019.08.05"]
[EventType "swiss"]
[EventCountry "LAT"]
[SourceTitle "playchess.com"]
[Source "ChessBase"]
[SourceQuality "1"]
[TimeControl "5400+30"]

1. d4 d5 2. c4 c6 3. Nf3 Nf6 4. Nc3 dxc4 5. a4 Bf5 6. Nh4 e6 7. Nxf5 exf5 8. e3 Bb4 9. Bxc4 O-O 10. Qc2 g6 11. O-O Nbd7 12. f3 Rc8 13. Kh1 c5 14. Ba2 Qa5 15. Qf2 Rfe8 16. g4 fxg4 17. fxg4 Bxc3 18. bxc3 c4 19. Rb1 Qd5+ 20. Qf3 Qxf3+ 21. Rxf3 Rc7 22. Rb4 Kg7 23. g5 Ne4 24. Rxc4 Rxc4 25. Bxc4 Nxg5 26. Rf1 Rc8 27. Bd5 f5 28. Bxb7 Rxc3 29. d5 Rc2 30. d6 Ne4 31. Bxe4 fxe4 32. Ba3 Ne5 33. d7 Nxd7 34. Rb1 Ra2 35. Bb2+ Kf7 36. Bd4 Rxa4 37. Rb7 Ke6 38. Bxa7 Kd6 39. Bd4 Kc6 40. Rb2 Ra5 41. Kg2 Kd6 42. Rb7 h5 43. h4 Kc6 1/2-1/2

[Event "9th RTU Open 2019"]
[Site "Riga"]
[Date "2019.08.11"]
[Round "9.2"]
[White "Sulskis, Sarunas"]
[Black "Pultinevicius, Paulius"]
[Result "1-0"]
[ECO "B12"]
[WhiteElo "2528"]
[BlackElo "2481"]
[Annotator "ChessBase"]
[PlyCount "107"]
[EventDate "2019.08.05"]
[EventType "swiss"]
[EventCountry "LAT"]
[SourceTitle "playchess.com"]
[Source "ChessBase"]
[SourceQuality "1"]
[TimeControl "5400+30"]

1. e4 c6 2. d4 d5 3. e5 Bf5 4. g4 Be4 5. f3 Bg6 6. e6 Qd6 7. exf7+ Bxf7 8. Nh3 Nd7 9. Qe2 e5 10. Bf4 Be7 11. dxe5 Bh4+ 12. Bg3 Bxg3+ 13. hxg3 Qxe5 14. Nd2 O-O-O 15. Qxe5 Nxe5 16. O-O-O Nf6 17. g5 Nfd7 18. Nf2 Kc7 19. f4 Nc4 20. Nxc4 dxc4 21. Bg2 Rde8 22. Rde1 Rxe1+ 23. Rxe1 Re8 24. Rxe8 Bxe8 25. Kd2 Kd6 26. Ne4+ Ke7 27. Bh3 Bf7 28. Bxd7 Kxd7 29. Kc3 Ke6 30. Kd4 b6 31. g4 Bg6 32. c3 c5+ 33. Ke3 Be8 34. f5+ Ke5 35. Nd2 Kd5 36. Kf4 b5 37. Nf3 Kd6 38. Ne5 Kd5 39. f6 gxf6 40. gxf6 Ke6 41. g5 h6 42. gxh6 Kxf6 43. Ng4+ Kg6 44. Ke5 b4 45. Kd6 bxc3 46. bxc3 Ba4 47. Kxc5 Bd1 48. Ne5+ Kxh6 49. Nc6 Kg5 50. Nxa7 Kf5 51. Nc8 Ke6 52. Nb6 Bf3 53. a4 Ke7 54. a5 1-0

[Event "9th RTU Open 2019"]
[Site "Riga"]
[Date "2019.08.11"]
[Round "9.5"]
[White "Mikaelyan, Arman"]
[Black "Gopal G.N."]
[Result "1-0"]
[ECO "D00"]
[WhiteElo "2454"]
[BlackElo "2594"]
[Annotator "ChessBase"]
[PlyCount "89"]
[EventDate "2019.08.05"]
[EventType "swiss"]
[EventCountry "LAT"]
[SourceTitle "playchess.com"]
[Source "ChessBase"]
[SourceQuality "1"]
[TimeControl "5400+30"]

1. d4 Nf6 2. Bg5 d5 3. e3 c6 4. Bd3 Bg4 5. Ne2 Nbd7 6. f3 Bh5 7. O-O e5 8. c4 dxc4 9. Bxc4 Be7 10. Nbc3 O-O 11. Bb3 Bg6 12. Bh4 Re8 13. Bf2 exd4 14. Nxd4 Ne5 15. Bc2 Bc5 16. e4 b5 17. a4 a6 18. Nce2 Qc7 19. Kh1 Rad8 20. Qc1 Qb6 21. Rd1 Rd7 22. Bg1 a5 23. b3 Red8 24. Qg5 Re8 25. h3 h6 26. Qg3 bxa4 27. Rxa4 Qd8 28. f4 Bxe4 29. fxe5 Nh5 30. Qg4 Bxc2 31. Rc1 Bxd4 32. Nxd4 Bg6 33. Nxc6 Qc7 34. Rxa5 Rd2 35. Ra7 Qxa7 36. Bxa7 Be4 37. Rg1 g6 38. Nd4 Ra8 39. Kh2 Bd5 40. Nb5 Bc6 41. e6 Bxb5 42. exf7+ Kh7 43. Bc5 Nf6 44. Qf4 Rd7 45. Qxf6 1-0

[Event "9th RTU Open 2019"]
[Site "Riga"]
[Date "2019.08.11"]
[Round "9.6"]
[White "Dastan, Muhammed Batuhan"]
[Black "Gukesh D"]
[Result "1/2-1/2"]
[ECO "D78"]
[WhiteElo "2565"]
[BlackElo "2520"]
[Annotator "ChessBase"]
[PlyCount "90"]
[EventDate "2019.08.05"]
[EventType "swiss"]
[EventCountry "LAT"]
[SourceTitle "playchess.com"]
[Source "ChessBase"]
[SourceQuality "1"]
[TimeControl "5400+30"]

1. Nf3 d5 2. g3 g6 3. Bg2 Bg7 4. d4 Nf6 5. c4 c6 6. Qb3 O-O 7. O-O dxc4 8. Qxc4 Bf5 9. Nc3 Nbd7 10. Re1 Ne4 11. Nh4 Be6 12. Qb4 Nd6 13. Nf3 b5 14. Ng5 Bc4 15. Nce4 Nf5 16. Nf3 a5 17. Qd2 e5 18. dxe5 Nxe5 19. Nxe5 Bxe5 20. e3 Qe7 21. Qc2 Rfd8 22. Bf1 Bxf1 23. Rxf1 Rac8 24. a4 Nd6 25. Nxd6 Qxd6 26. e4 Qb4 27. f4 Bd4+ 28. Kg2 Bb6 29. Ra3 Rd4 30. e5 Rc4 31. Qe2 Qc5 32. Be3 Qd5+ 33. Kh3 Re4 34. Qg4 Rb8 35. Bxb6 Rxb6 36. Rd1 Rd4 37. Rxd4 Qxd4 38. axb5 Rxb5 39. Qc8+ Kg7 40. Qxc6 Rxb2 41. Qf6+ Kg8 42. Rxa5 Qe4 43. Qd8+ Kg7 44. Qf6+ Kg8 45. Qd8+ Kg7 1/2-1/2

[Event "9th RTU Open 2019"]
[Site "Riga"]
[Date "2019.08.11"]
[Round "9.7"]
[White "Lalith Babu M R"]
[Black "Vishnu Prasanna. V"]
[Result "0-1"]
[ECO "A35"]
[WhiteElo "2580"]
[BlackElo "2505"]
[Annotator "ChessBase"]
[PlyCount "94"]
[EventDate "2019.08.05"]
[EventType "swiss"]
[EventCountry "LAT"]
[SourceTitle "playchess.com"]
[Source "ChessBase"]
[SourceQuality "1"]
[TimeControl "5400+30"]

1. Nf3 c5 2. c4 Nc6 3. Nc3 g6 4. e3 Nf6 5. d4 cxd4 6. exd4 d5 7. cxd5 Nxd5 8. Qb3 Nxc3 9. Bc4 e6 10. bxc3 Bg7 11. Ba3 Bf8 12. Bb5 Bd7 13. O-O Bxa3 14. Qxa3 Qe7 15. Qc1 O-O 16. Qh6 Rad8 17. Rfe1 f6 18. Rab1 Qf7 19. Nd2 Ne7 20. Ne4 Nf5 21. Qf4 Bxb5 22. Rxb5 Rd5 23. Rb2 b6 24. Rbe2 Qe7 25. Qf3 Qd8 26. Ng3 Ng7 27. Nf1 b5 28. Ne3 Rd6 29. Rb1 Qc7 30. Nf1 Qc6 31. Qd3 a6 32. Ng3 e5 33. Qe3 exd4 34. cxd4 Re8 35. Qb3+ Qc4 36. Rxe8+ Nxe8 37. Qe3 Re6 38. Qd2 Nd6 39. Rc1 Qd5 40. Rc7 Nf7 41. Rc5 Qd7 42. d5 Re8 43. h3 f5 44. h4 Qe7 45. Qd4 Qe5 46. Qd3 Qa1+ 47. Kh2 Ne5 0-1

[Event "9th RTU Open 2019"]
[Site "Riga"]
[Date "2019.08.11"]
[Round "9.8"]
[White "Zanan, Evgeny"]
[Black "Michalik, Peter"]
[Result "1/2-1/2"]
[ECO "D02"]
[WhiteElo "2505"]
[BlackElo "2573"]
[Annotator "ChessBase"]
[PlyCount "57"]
[EventDate "2019.08.05"]
[EventType "swiss"]
[EventCountry "LAT"]
[SourceTitle "playchess.com"]
[Source "ChessBase"]
[SourceQuality "1"]
[TimeControl "5400+30"]

1. d4 d5 2. Nf3 Nf6 3. Bf4 e6 4. e3 c5 5. Nbd2 Bd6 6. Bg3 O-O 7. c3 Qc7 8. dxc5 Qxc5 9. Bd3 Nbd7 10. e4 Bxg3 11. hxg3 dxe4 12. Bxe4 Rd8 13. Qe2 Nf8 14. Nb3 Qb6 15. O-O Nxe4 16. Qxe4 Bd7 17. Ne5 Be8 18. Rfd1 f6 19. Nc4 Qc7 20. Ne3 Bg6 21. Qb4 Bf7 22. Na5 b6 23. Nac4 Rd7 24. Rxd7 Nxd7 25. Rd1 Nc5 26. Nd6 Rd8 27. Nxf7 Rxd1+ 28. Nxd1 Kxf7 29. Qd4 1/2-1/2

[Event "9th RTU Open 2019"]
[Site "Riga"]
[Date "2019.08.11"]
[Round "9.9"]
[White "Wagner, Dennis"]
[Black "Grigorov, Grigor"]
[Result "1/2-1/2"]
[ECO "E04"]
[WhiteElo "2579"]
[BlackElo "2501"]
[Annotator "ChessBase"]
[PlyCount "90"]
[EventDate "2019.08.05"]
[EventType "swiss"]
[EventCountry "LAT"]
[SourceTitle "playchess.com"]
[Source "ChessBase"]
[SourceQuality "1"]
[TimeControl "5400+30"]

1. d4 Nf6 2. c4 e6 3. g3 d5 4. Bg2 dxc4 5. Nf3 Bd7 6. Nbd2 c5 7. Nxc4 Bc6 8. O-O cxd4 9. Qxd4 Qxd4 10. Nxd4 Bxg2 11. Kxg2 Nc6 12. Nxc6 bxc6 13. Bd2 Nd7 14. Rac1 c5 15. Bf4 Be7 16. Nd6+ Bxd6 17. Bxd6 Rc8 18. Rc4 Rc6 19. Rd1 f6 20. b4 Kf7 21. Bxc5 Nxc5 22. Rxc5 Rxc5 23. bxc5 Rc8 24. Rd7+ Kg6 25. Rxa7 Rxc5 26. g4 h5 27. h3 hxg4 28. hxg4 Rc2 29. Kf3 e5 30. a4 Ra2 31. a5 Kh6 32. a6 g6 33. Ra8 Kg5 34. e3 Ra1 35. Kg3 Rg1+ 36. Kf3 Rxg4 37. e4 Rg1 38. Rc8 Ra1 39. Rc6 Ra3+ 40. Ke2 f5 41. exf5 gxf5 42. Kf1 Kf4 43. Rh6 e4 44. Kg2 Ra2 45. Re6 e3 1/2-1/2

[Event "9th RTU Open 2019"]
[Site "Riga"]
[Date "2019.08.11"]
[Round "9.11"]
[White "Smirin, Ilia"]
[Black "Usmanov, Vasily"]
[Result "1-0"]
[ECO "C43"]
[WhiteElo "2594"]
[BlackElo "2443"]
[Annotator "ChessBase"]
[PlyCount "63"]
[EventDate "2019.08.05"]
[EventType "swiss"]
[EventCountry "LAT"]
[SourceTitle "playchess.com"]
[Source "ChessBase"]
[SourceQuality "1"]
[TimeControl "5400+30"]

1. e4 e5 2. Nf3 Nf6 3. d4 Nxe4 4. dxe5 d5 5. Nbd2 Qd7 6. c3 Nc6 7. Bd3 Nc5 8. Bb1 Qg4 9. O-O Be6 10. Nb3 Nd7 11. h3 Qh5 12. Bf4 Be7 13. Re1 O-O 14. Re3 Rae8 15. Nbd4 Nxd4 16. cxd4 c5 17. Qd2 cxd4 18. Nxd4 Bg5 19. Bxg5 Qxg5 20. Nf3 Qf4 21. Bc2 f6 22. exf6 Nxf6 23. Rae1 Qd6 24. Qd4 b6 25. Ne5 Qc5 26. Qd1 Ne4 27. f3 Nd6 28. Kh1 Bf5 29. Bb3 Nc4 30. Nxc4 dxc4 31. Rxe8 cxb3 32. Qxb3+ 1-0

[Event "9th RTU Open 2019"]
[Site "Riga"]
[Date "2019.08.11"]
[Round "9.12"]
[White "Theodorou, Nikolas"]
[Black "Haria, Ravi"]
[Result "1/2-1/2"]
[ECO "E01"]
[WhiteElo "2543"]
[BlackElo "2430"]
[Annotator "ChessBase"]
[PlyCount "67"]
[EventDate "2019.08.05"]
[EventType "swiss"]
[EventCountry "LAT"]
[SourceTitle "playchess.com"]
[Source "ChessBase"]
[SourceQuality "1"]
[TimeControl "5400+30"]

1. d4 e6 2. c4 d5 3. Nf3 Nf6 4. g3 Bb4+ 5. Bd2 Bd6 6. Bg2 c6 7. O-O O-O 8. Bc3 dxc4 9. a4 b6 10. Nbd2 Ba6 11. e4 Be7 12. Re1 Nbd7 13. Bf1 c5 14. Bxc4 Bxc4 15. Nxc4 cxd4 16. Bxd4 Nc5 17. Bxf6 Qxd1 18. Rexd1 gxf6 19. e5 Rfd8 20. Kg2 Rac8 21. Rxd8+ Rxd8 22. b4 Nd3 23. b5 fxe5 24. Ncxe5 Nxe5 25. Nxe5 Rd2 26. Nc6 Bc5 27. Nxa7 Rxf2+ 28. Kh3 Rc2 29. Nc6 Rc4 30. Ra2 Kg7 31. Ne5 Rd4 32. Nc6 Rc4 33. Ne5 Rd4 34. Nc6 1/2-1/2

[Event "9th RTU Open 2019"]
[Site "Riga"]
[Date "2019.08.11"]
[Round "9.14"]
[White "Korchmar, Vasiliy"]
[Black "Deepan Chakkravarthy J."]
[Result "0-1"]
[ECO "D80"]
[WhiteElo "2424"]
[BlackElo "2532"]
[Annotator "ChessBase"]
[PlyCount "98"]
[EventDate "2019.08.05"]
[EventType "swiss"]
[EventCountry "LAT"]
[SourceTitle "playchess.com"]
[Source "ChessBase"]
[SourceQuality "1"]
[TimeControl "5400+30"]

1. d4 Nf6 2. c4 g6 3. Nc3 d5 4. Bg5 Ne4 5. Bh4 Nxc3 6. bxc3 dxc4 7. e3 Be6 8. Nf3 Nd7 9. d5 Bg4 10. Qd4 Bxf3 11. gxf3 Nf6 12. Bxc4 Bg7 13. Bb5+ Kf8 14. Rd1 Nd7 15. Qd2 Bf6 16. Bg3 h5 17. h4 Nc5 18. Qc2 c6 19. dxc6 Qb6 20. cxb7 Qxb7 21. Be2 Kg7 22. O-O Rac8 23. Kg2 e5 24. Rb1 Qe7 25. Rb4 a5 26. Rc4 Nb7 27. Qa4 Nd6 28. Rxc8 Rxc8 29. Qxa5 Nf5 30. e4 Nxh4+ 31. Kh2 Rb8 32. a4 Rb2 33. Bxh4 Bxh4 34. Qa6 Qg5 35. Qd3 Ra2 36. Qd1 Rd2 37. Qe1 Qf4+ 38. Kh3 Bd8 39. Bd1 Bb6 40. c4 Ra2 41. Kg2 g5 42. Qb4 Bd4 43. Qe1 g4 44. fxg4 hxg4 45. a5 g3 46. Bf3 gxf2 47. Qb4 Rb2 48. Qa4 Qg5+ 49. Kh3 Rb8 0-1